 Dungeon Crawl Stone Soup version 0.23.2-40-g277498a001 (webtiles) character file.

Game seed: 5813220402267938740

1094 Exodus22XD the Thaumaturge (level 8, -1/41 HPs)
             Began as a Deep Elf Wizard on Sept 21, 2019.
             Was a Follower of Kikubaaqudgha.
             Killed by nerve-wracking pain
             ... invoked by Grinder
              (13 damage)
             ... on level 6 of the Dungeon.
             The game lasted 00:12:49 (4568 turns).

Exodus22XD the Thaumaturge (Deep Elf Wizard)        Turns: 4568, Time: 00:12:52

Health: -1/41      AC:  8    Str:  4    XL:     8   Next: 10%
Magic:  14/22      EV: 12    Int: 26    God:    Kikubaaqudgha [*.....]
Gold:   282        SH:  0    Dex: 11    Spells: 12/24 levels left

rFire    . . .     SeeInvis .   o - +1 dagger (speed)
rCold    . . .     Gourm    .   (no shield)
rNeg     . . .     Faith    .   f - +0 robe
rPois    +         Spirit   .   q - +0 helmet
rElec    +         Reflect  .   v - +3 cloak "Hestil" {rElec rPois Dex-2}
rCorr    +         Harm     .   p - +0 pair of gloves
MR       .....                  (no boots)
Stlth    ++........             a - amulet of magic regeneration
HPRegen  0.13/turn              z - +4 ring of slaying
MPRegen  0.43/turn              u - ring of resist corrosion

@: no status effects
A: no striking features
a: Receive Corpses, Renounce Religion


You were on level 6 of the Dungeon.
You worshipped Kikubaaqudgha.
Kikubaaqudgha was aware of your devotion.
You were not hungry.

You visited 1 branch of the dungeon, and saw 6 of its levels.

You collected 282 gold pieces.

Inventory:

Hand Weapons
 o - a +1 dagger of speed (weapon)
Armour
 f - a +0 robe (worn)
 p - a +0 pair of gloves (worn)
 q - a +0 helmet (worn)
 v - the +3 cloak "Hestil" (worn) {rElec rPois Dex-2}
   (You found it on level 4 of the Dungeon)

   It affects your dexterity (-2).
   It insulates you from electricity.
   It protects you from poison.
Jewellery
 a - an amulet of magic regeneration (around neck)
 r - an uncursed ring of stealth
 u - a ring of resist corrosion (right hand)
 z - a +4 ring of slaying (left hand)
Wands
 y - a wand of random effects (27)
 A - a wand of polymorph (8)
Scrolls
 c - 4 scrolls of remove curse
 e - 4 scrolls of teleportation {unknown}
 g - 3 scrolls of fear {unknown}
 l - 3 scrolls of identify {unknown}
 m - a scroll of enchant weapon {unknown}
 s - 2 scrolls of fog {unknown}
 w - a scroll of noise {unknown}
Potions
 b - 2 potions of agility {unknown}
 h - 2 potions of might {unknown}
 i - a potion of magic {unknown}
 j - 4 potions of brilliance {unknown}
 k - 3 potions of lignification {unknown}
 n - 3 potions of curing {unknown}
 t - a potion of invisibility {unknown}
 B - a potion of heal wounds {unknown}
 C - a potion of haste {unknown}
Comestibles
 d - 9 rations
 x - 2 chunks of flesh


   Skills:
 - Level 2.4 Dodging
 - Level 2.4 Stealth
 - Level 8.7 Spellcasting
 - Level 4.7 Conjurations
 - Level 3.3 Summonings
 * Level 6.3 Necromancy
 - Level 1.1 Translocations


You had 12 spell levels left.
You knew the following spells:

 Your Spells              Type           Power        Failure   Level  Hunger
a - Magic Dart            Conj           ####         1%          1    None
b - Call Imp              Summ           ####....     1%          2    None
c - Blink                 Tloc           N/A          4%          2    None
d - Conjure Flame         Conj/Fire      ###.....     6%          3    None
e - Mephitic Cloud        Conj/Pois/Air  ###.....     9%          3    None
f - Animate Skeleton      Necr           N/A          1%          1    None

Your spell library contained the following spells:

 Spells                   Type           Power        Failure   Level  Hunger
 Pain                     Necr           ####         1%          1    None
 Shock                    Conj/Air       ###.         1%          1    None
 Sublimation of Blood     Necr           #####.....   1%          2    None
 Regeneration             Chrm/Necr      ####......   4%          3    None
 Static Discharge         Conj/Air       ###.....     6%          3    None
 Slow                     Hex            ##......     8%          2    None
 Swiftness                Chrm/Air       ##......     8%          2    None
 Airstrike                Air            ##........   45%         4    ##.....
 Lightning Bolt           Conj/Air       ###.......   50%         5    ####...


Dungeon Overview and Level Annotations

Branches:
Dungeon (6/15)             Temple (0/1) D:4

Altars:
Ashenzari
Dithmenos
Elyvilon
Fedhas
Kikubaaqudgha
Nemelex Xobeh
Qazlal
Ru
Wu Jian
Zin

Annotations:
D:6 Grinder


Message History

The bullfrog zombie is almost destroyed.
The bullfrog zombie closely misses you.
Casting: Magic Dart (safe; 1% risk of failure)
Confirm with . or Enter, or press ? or * to list all spells.
Aiming: Magic Dart (safe; 1% risk of failure)
Press: ? - help, Shift-Dir - straight line, f/p - bullfrog zombie
Aim: a bullfrog zombie (almost destroyed)
The magic dart hits the bullfrog zombie.
You destroy the bullfrog zombie!
Kikubaaqudgha accepts your kill.
Grinder comes into view.
Okay, then.
Okay, then.
Casting: Magic Dart (safe; 1% risk of failure)
Confirm with . or Enter, or press ? or * to list all spells.
You blink.
Grinder gestures at you. Pain shoots through your body!
You die...
Kikubaaqudgha rasps: "You have failed me!
Welcome... death!"

## ..#
#############.#######
####..)....>...........#
###
...((######.####.#####.##
###.. .....#
#.####........#####<...
....!#
#..§(..................
.....#
##..........#..#####...
.#.... #5...@#######.#
###'## .+..Z.. .''.....#
#.# #..... #.....
.##....## #.# #.....
+...... #....# #.# #.....
#....# #.# ##.+## #....#
#.# #≈≈.≈≈ #....# ..#
#≈#'#≈ #....# #..+_'.
...... ...≈#+#≈


You could see Grinder.

Vanquished Creatures
  Sigmund (D:6)
  A sky beast (D:6)
  A phantom (D:5)
  A bullfrog (D:6)
  A gnoll sergeant (D:4)
  A scorpion (D:4)
  A bullfrog zombie (D:6)
  An orc priest (D:5)
  A centaur skeleton (D:4)
  2 hounds (D:6)
  3 orc wizards
  Jessica (D:2)
  An iguana (D:5)
  4 worker ants
  5 gnolls (D:4)
  8 adders
  2 shadow imps (D:5)
  An ooze (D:1)
  An adder zombie (D:5)
  4 worms
  2 dart slugs (D:2)
  5 leopard geckos
  6 orcs
  6 giant cockroaches
  2 jackals (D:1)
  3 kobolds
  2 quokkas (D:4)
  4 ball pythons
  6 bats
  6 frilled lizards
  8 goblins
  6 rats
97 creatures vanquished.

Vanquished Creatures (collateral kills)
  2 orcs
2 creatures vanquished.

Grand Total: 99 creatures vanquished

Notes
Turn   | Place    | Note
-------+----------+-------------------------------------------
     0 | D:1      | Exodus22XD the Deep Elf Wizard began the quest for the Orb.
     0 | D:1      | Reached XP level 1. HP: 10/10 MP: 7/7
   321 | D:1      | Reached XP level 2. HP: 15/15 MP: 6/9
  1338 | D:2      | Found a faded altar of an unknown god.
  1423 | D:2      | Noticed Jessica
  1428 | D:2      | Killed Jessica
  1428 | D:2      | Reached XP level 3. HP: 19/19 MP: 4/10
  1468 | D:2      | Found a sparkling altar of Nemelex Xobeh.
  1721 | D:2      | Reached XP level 4. HP: 24/24 MP: 6/12
  1822 | D:3      | Learned a level 2 spell: Call Imp
  1825 | D:3      | Learned a level 2 spell: Blink
  1829 | D:3      | Learned a level 3 spell: Conjure Flame
  1833 | D:3      | Learned a level 3 spell: Mephitic Cloud
  2000 | D:3      | Found a glowing silver altar of Zin.
  2011 | D:3      | Found a shattered altar of Ashenzari.
  2202 | D:3      | Found a shadowy altar of Dithmenos.
  2551 | D:4      | Found an ancient bone altar of Kikubaaqudgha.
  2592 | D:4      | Became a worshipper of Kikubaaqudgha
  2620 | D:4      | Reached XP level 5. HP: 21/28 MP: 3/13
  2951 | D:4      | Reached skill level 5 in Spellcasting
  2963 | D:4      | Reached skill level 6 in Spellcasting
  2963 | D:4      | Reached XP level 6. HP: 21/32 MP: 0/17
  3085 | D:4      | Got a dazzling cloak
  3091 | D:4      | Identified the +3 cloak "Hestil" {rElec rPois Dex-2} (You
                  | found it on level 4 of the Dungeon)
  3203 | D:4      | Found a staircase to the Ecumenical Temple.
  3272 | D:4      | Reached skill level 7 in Spellcasting
  3372 | D:4      | Found an ornate altar of the Wu Jian Council.
  3670 | D:5      | Entered Level 5 of the Dungeon
  3684 | D:5      | Found a white marble altar of Elyvilon.
  3703 | D:5      | Found a sparkling altar of Nemelex Xobeh.
  3754 | D:5      | Reached skill level 8 in Spellcasting
  3756 | D:5      | Reached XP level 7. HP: 34/36 MP: 11/20
  3830 | D:5      | Reached * piety under Kikubaaqudgha
  3830 | D:5      | Identified Kikubaaqudgha's Collected Works on Dark Magic
                  | (Kikubaaqudgha gifted it to you on level 5 of the Dungeon)
  3830 | D:5      | Received a gift from Kikubaaqudgha
  4010 | D:5      | Learned a level 1 spell: Animate Skeleton
  4046 | D:5      | Reached skill level 1 in Necromancy
  4337 | D:6      | Found a stormy altar of Qazlal.
  4338 | D:6      | Noticed Sigmund
  4347 | D:6      | Killed Sigmund
  4399 | D:6      | Reached skill level 5 in Necromancy
  4475 | D:6      | Found a sacrificial altar of Ru.
  4535 | D:6      | Found a blossoming altar of Fedhas.
  4556 | D:6      | Reached XP level 8. HP: 16/41 MP: 15/22
  4566 | D:6      | Noticed Grinder
  4568 | D:6      | Killed from afar by Grinder

Skill      XL: |  1  2  3  4  5  6  7 |
---------------+----------------------+-----
Conjurations   | 2 4 |  4.7
Summonings     | 3 |  3.3
Spellcasting   | 6 8 |  8.7
Necromancy     | 6 |  6.3
Dodging        | |  2.4
Stealth        | |  2.4
Translocations | |  1.1

Action                   |  1- 3 |  4- 6 |  7- 9 || total
-------------------------+-------+-------+-------++-------
Melee: Dagger            |       |     5 |       ||     5
 Cast: Magic Dart        |    69 |   112 |    96 ||   277
       Mephitic Cloud    |       |     4 |     1 ||     5
       Conjure Flame     |       |     4 |     7 ||    11
       Animate Skeleton  |       |       |     5 ||     5
       Blink             |       |       |     5 ||     5
       Call Imp          |       |       |     3 ||     3
  Use: Scroll            |       |     1 |       ||     1
  Eat: Chunk             |     2 |     6 |     3 ||    11
Armor: Robe              |       |     3 |     9 ||    12
Dodge: Dodged            |    10 |    16 |    16 ||    42
